 Dungeon Crawl Stone Soup version 0.29-a0-575-g0dc89cf053 (webtiles) character file.

Game seed: 5524207079613905127

1207 ptdevnull the Quickloader (level 8, -3/64 HPs)
             Began as a Kobold Arcane Marksman on June 12, 2022.
             Slain by an orc warrior
             ... wielding a +0 hand axe
              (10 damage)
             ... on level 4 of the Dungeon.
             The game lasted 00:09:47 (5995 turns).

ptdevnull the Quickloader (Kobold Arcane Marksman)  Turns: 5995, Time: 00:09:47

Health: -3/64      AC:  4    Str:  7    XL:     8   Next: 73%
Magic:  14/14      EV: 15    Int: 14    God:
Gold:   179        SH:  5    Dex: 18    Spells: 8/15 levels left

rFire   + . .      SeeInvis .   b - +0 rapier
rCold   . . .      Faith    .   (no shield)
rNeg    . . .      Spirit   .   q - +2 robe {rF+}
rPois   .          Reflect  +   A - +2 hat
rElec   .          Harm     .   m - +0 cloak
rCorr   .          Rampage  .   k - +0 pair of gloves
Will    +....                   (no boots)
Stlth   ..........              e - amulet of reflection
HPRegen 0.20/turn               C - ring of willpower
MPRegen 0.14/turn               (no ring)

@: berserking, corroded, very quick
A: small, no large weapons, nightstalker 3
a: no special abilities


You were on level 4 of the Dungeon.
You visited 1 branch of the dungeon, and saw 5 of its levels.

You collected 179 gold pieces.

Inventory:

Hand Weapons
 a - a +0 hand crossbow
 b - a +0 rapier (weapon)
Missiles
 F - 2 throwing nets
Armour
 k - a +0 pair of gloves (worn)
 m - a +0 cloak (worn)
 q - a +2 robe of fire resistance (worn)
 v - a +0 helmet
 A - a +2 hat (worn)
Jewellery
 e - an amulet of reflection (around neck)
 h - an amulet of guardian spirit
 z - a ring of ice
 C - a ring of willpower (left hand)
Wands
 x - a wand of polymorph (11)
 B - a wand of paralysis (10)
 D - a wand of acid (9)
Scrolls
 c - a scroll of vulnerability
 d - a scroll of fear {unknown}
 f - 6 scrolls of identify
 g - 4 scrolls of teleportation {unknown}
 l - a scroll of blinking {unknown}
 p - a scroll of poison {unknown}
 w - 2 scrolls of amnesia {unknown}
 y - a scroll of enchant weapon {unknown}
Potions
 i - a potion of flight {unknown}
 j - 2 potions of mutation
 n - 2 potions of haste {unknown}
 o - a potion of brilliance {unknown}
 r - a potion of attraction {unknown}
 s - a potion of curing {unknown}
 t - a potion of lignification {unknown}
 u - a potion of berserk rage
 E - a potion of magic {unknown}


   Skills:
 + Level 1.3 Fighting
 * Level 8.2 Crossbows
 + Level 2.5 Dodging
 - Level 4.0 Spellcasting
 - Level 6.0 Hexes
 - Level 4.0 Translocations


You had 8 spell levels left.
You knew the following spells:

 Your Spells              Type           Power      Damage    Failure   Level
a - Slow                  Hex            76%        N/A       1%          1
b - Portal Projectile     Hex/Tloc       32%        N/A       8%          3
c - Inner Flame           Hex/Fire       11%        N/A       17%         3

Your spell library contained the following spells:

 Spells                   Type           Power      Damage    Failure   Level
 Cause Fear               Hex            9%         N/A       16%         4
 Ignite Poison            Fire/Tmut/Pois 2%         N/A       50%         3
 Mephitic Cloud           Conj/Pois/Air  2%         N/A       50%         3
 Freezing Cloud           Conj/Ice/Air   1%         6-21      99%         5


Dungeon Overview and Level Annotations

Branches:
Dungeon (5/15)
 Temple: D:4-7

Altars:
Nemelex Xobeh
Ru

Shops:
D:1 (   D:3 (

Annotations:
D:5 Dowan


Innate Abilities, Weirdness & Mutations

You are small and have problems with some larger weapons.
You are completely attuned to the shadows.


Message History

You shoot a bolt.
The bolt hits the orc priest but does no damage.
The orc priest misses you. The jelly hits you but does no damage.
An orc wizard comes into view. It is wielding a +0 dagger.
You shoot a bolt. The orc wizard shouts!
The bolt hits the orc priest.
The orc priest is heavily wounded.
You hear a shout!
The orc priest hits you but does no damage.
You block the jelly's attack. The orc closely misses you.
You block the orc priest's attack. The jelly hits you.
You are splashed with acid!
You climb upwards.
There is a stone staircase leading down here.
Unknown command.
The jelly attacks as you move away! The jelly hits you. The acid corrodes you!
You are splashed with acid!
The orc priest attacks as you move away!
The orc priest closely misses you.
The orc warrior hits you with a +0 hand axe!
* * * LOW HITPOINT WARNING * * *
As you read the scroll labelled WUQOSU JOSAIS, it crumbles to dust.
It is a scroll of identify.
j - 2 potions of mutation The orc priest misses you.
It was a potion of berserk rage.
A red film seems to cover your vision as you go berserk!
You feel yourself moving faster!
You feel mighty! The orc priest misses you.
b - a +0 rapier (weapon)
You feel a strong urge to attack something.
You puncture the orc priest!
You kill the orc priest!
You barely miss the orc warrior. The orc warrior barely misses you.
You barely miss the orc warrior. You hit the orc warrior.
You punch the orc warrior, but do no damage.
The orc warrior is lightly wounded.
The orc warrior hits you with a +0 hand axe!
You die...

#.#.# #.# #...##.......
#)#.# #.# #...###..#.##
#.#.# #.#####...###..#.#
##.#.####....#..)......#.##
#................####......
####.########..............
#.#.....................
#.#>#####...###........#
#...Joo@........##..#.##
###.#####.....####..#...
#.# #.....####..#..# #.#
#..............# #.#
#.....####..#.## #.#
#....#####..#.#
#.#####...........#.#
#.......).........#.#
#.######..#########.#


You could see an orc warrior, a jelly and an orc.

Vanquished Creatures
  Pikel (D:4)
  Edmund (D:4)
  A black bear (D:4)
  Blork the orc (D:4)
  A scorpion (D:4)
  2 orc priests (D:4)
  2 hounds (D:4)
  Natasha (thrice) (D:2)
  6 gnolls
  9 adders
  A worm (D:4)
  A dart slug (D:1)
  8 orcs
  4 ball pythons
  5 bats
  2 endoplasms (D:4)
  A giant cockroach (D:3)
  3 goblins
  3 hobgoblins (D:3)
  2 jackals (D:1)
  4 kobolds
  2 quokkas
  5 frilled lizards
  6 rats
74 creatures vanquished.

Notes
Turn   | Place    | Note
-------+----------+-------------------------------------------
     0 | D:1      | ptdevnull the Kobold Arcane Marksman began the quest for
                  | the Orb.
     0 | D:1      | Reached XP level 1. HP: 12/12 MP: 2/2
    72 | D:1      | Reached skill level 3 in Crossbows
   428 | D:1      | Found Qiuf's Antique Weapon Emporium.
   451 | D:1      | Reached XP level 2. HP: 16/16 MP: 3/3
  1000 | D:1      | Reached skill level 4 in Crossbows
  1138 | D:1      | Found a faded altar of an unknown god.
  1204 | D:1      | Reached XP level 3. HP: 4/20 MP: 2/4
  1505 | D:2      | Noticed Natasha
  1514 | D:2      | Killed Natasha
  1515 | D:2      | Reached skill level 5 in Crossbows
  1515 | D:2      | Reached XP level 4. HP: 8/25 MP: 5/5
  1733 | D:2      | Reached skill level 6 in Crossbows
  1863 | D:2      | Noticed Natasha
  1865 | D:2      | Killed Natasha
  1866 | D:2      | Reached XP level 5. HP: 29/29 MP: 6/6
  1970 | D:2      | Noticed Natasha
  1980 | D:2      | Killed Natasha
  1981 | D:2      | Reached skill level 7 in Crossbows
  2593 | D:3      | Found Qyffoune's Weapon Shoppe.
  2918 | D:3      | Reached XP level 6. HP: 34/34 MP: 7/7
  2942 | D:3      | Found a sparkling altar of Nemelex Xobeh.
  3220 | D:4      | Found a sacrificial altar of Ru.
  3333 | D:4      | Noticed a black bear
  3338 | D:4      | Reached skill level 8 in Crossbows
  3535 | D:3      | Learned a level 3 spell: Portal Projectile
  3539 | D:3      | Learned a level 3 spell: Inner Flame
  4122 | D:4      | Noticed Pikel
  4146 | D:4      | Killed Pikel
  4147 | D:4      | Reached skill level 5 in Hexes
  4147 | D:4      | Reached XP level 7. HP: 16/38 MP: 8/11
  4147 | D:4      | Reached XP level 8. HP: 18/43 MP: 8/12
  4497 | D:4      | Noticed Edmund
  4539 | D:4      | Killed Edmund
  5044 | D:4      | Noticed Blork the orc
  5061 | D:4      | Killed Blork the orc
  5898 | D:5      | Entered Level 5 of the Dungeon
  5898 | D:5      | Noticed Dowan
  5995 | D:4      | Slain by an orc warrior

Illustrated notes

Levels and vault maps discovered:
D:1:      heliophobic_arrival_dark_side_of_the_moon, layout_loops_corners,
          serial_shops, nicolae_shop_crystal,
          shapermc_ecumenical_altar_acropolis
D:2:      layout_basic, uniq_natasha
D:3:      layout_rooms, nicolae_overflow_crystal_walls, serial_shops,
          shop_fountains
D:4:      layout_basic, kennysheep_mini_moat, uniq_pikel, uniq_edmund,
          uniq_blork_the_orc
D:5:      layout_loops_ring, mainiacjoe_overflow_catwalk, doesnt_xom_only_xom,
          serial_shops, nicolae_shop_window_shopping, uniq_menkaure,
          uniq_duvessa, uniq_grinder

Skill      XL: |  1  2  3  4  5  6  7  8 |
---------------+-------------------------+-----
Crossbows      | 3 4 5 6 7 8 |  8.2
Spellcasting   | 3 4 |  4.0
Hexes          | 5 6 |  6.0
Translocations | 2 4 |  4.0
Fighting       | |  1.3
Dodging        | |  2.5

Action                   |  1- 3 |  4- 6 |  7- 9 || total
-------------------------+-------+-------+-------++-------
Melee: Rapier            |       |       |     4 ||     4
       Punch             |       |       |     1 ||     1
 Fire: Hand crossbow     |    50 |   173 |    87 ||   310
 Cast: Slow              |     1 |     9 |     3 ||    13
       Portal Projectile |       |       |     1 ||     1
  Use: Scroll            |       |       |     1 ||     1
       Potion            |       |       |     1 ||     1
Armor: Robe              |     4 |    30 |    11 ||    45
Dodge: Dodged            |    20 |    74 |    29 ||   123
Block: Other             |     8 |    27 |    10 ||    45
       Reflection        |       |       |     1 ||     1

Table legend: (Time is in decaauts)
 A = Elapsed time spent in this place.
 B = Non-inter-level travel time spent in this place.
 C = Inter-level travel time spent in this place.
 D = Time resting spent in this place.
 E = Time spent auto-exploring this place.
 F = Levels seen in this place.
 G = Mean time per level.
                   A        B        C        D        E       F      G
               +--------+--------+--------+--------+--------+-----+--------+
         Total |   6049 |   5839 |    210 |    956 |   4073 |   5 | 1209.8 |
       Dungeon |   6049 |   5839 |    210 |    956 |   4073 |   5 | 1209.8 |
               +--------+--------+--------+--------+--------+-----+--------+

Top non-repeatable levels by time:
     D:4: 2720 daAuts
     D:1: 1460 daAuts
     D:2: 1157 daAuts
     D:3: 703 daAuts
     D:5: 8 daAuts
